 Seeded DCSS version 0.30.0-12-gd5a94ecb5d (webtiles) character file.

Game seed: 16953998475636050145 (custom seed)

4336 IndexError the Thaumaturge (level 10, -2/78 HPs)
             Began as a Djinni Conjurer on May 17, 2023.
             Was an Initiate of Ashenzari.
             Slain by a yak (8 damage)
             ... on level 9 of the Dungeon.
             The game lasted 00:20:09 (7920 turns).

IndexError the Thaumaturge (Djinni Conjurer)        Turns: 7920, Time: 00:20:10

Health: -2/78      AC:  5    Str:  6    XL:     10   Next: 59%
Gold:   146        EV: 12    Int: 22    God:    Ashenzari [......] SH:  0 Dex: 15

rFire   + + +        a - +6 war axe of the Grave {elec, rF+ Int-2 Dex+3 Stlth+}
rCold   . . .        (no shield)
rNeg    . . .        d - +1 robe {Archmagi}
rPois   ∞            c - +0 helmet
rElec   .            x - +0 cloak
rCorr   .            (no gloves)
SInv    .            (boots unavailable)
Will    +....        l - amulet of Ashenzari's Vexation {Regen+, +regen, !d, Self, Range} (curse)
Stlth   +++          C - ring of protection from cold {rC+, !d}
HPRegen 1.13/turn    (no ring)
MPRegen 0.00/turn

%: archmagi, infuse magic (-3 HP)
@: flying
A: sickness immunity, fire resistance 2, cold vulnerability 1, float, innate
caster, HP casting, extra vitality 1
a: Renounce Religion, Curse Item, Shatter the Chains


You were on level 9 of the Dungeon.
You worshipped Ashenzari.
Ashenzari was noncommittal.
You visited 2 branches of the dungeon, and saw 10 of its levels.
You also visited: Bailey.

You collected 471 gold pieces.
You spent 325 gold pieces at shops.

Inventory:

Hand Weapons
 a - the +6 war axe of the Grave (weapon) {elec, rF+ Int-2 Dex+3 Stlth+}
   (You found it on level 3 of the Dungeon)

   Int:       It affects your intelligence (-2).
   Dex:       It affects your dexterity (+3).
   rF:        It protects you from fire.
   Stlth:     It makes you more stealthy.
 b - a +0 sling of chaos
   (You took it off an orc on level 4 of the Dungeon)
Missiles
 u - 4 javelins
Armour
 c - a +0 helmet (worn)
   (You found it on level 1 of the Dungeon)
 d - a +1 robe of the Archmagi (worn)
   (You found it on level 1 of the Dungeon)
 x - a +0 cloak (worn)
   (You found it on level 6 of the Dungeon)
 y - a +2 kite shield
   (You took it off a gnoll sergeant on level 8 of the Dungeon)
Magical Staves
 D - a staff of fire {rF+}
   (You found it on level 9 of the Dungeon)
Jewellery
 l - the cursed amulet of Ashenzari's Vexation (around neck) {Regen+, +regen, !d, Self, Range}
   (You found it on level 2 of the Dungeon)

   [amulet of regeneration]

   Regen:     It increases your rate of health regeneration.
   It has a curse which improves the following skills: Introspection: Fighting
   and Spellcasting.
   Ranged Combat: Ranged Weapons and Throwing.
 C - a ring of protection from cold (left hand) {rC+, !d}
   (You bought it in a shop on level 1 of the Dungeon)
Scrolls
 f - a scroll of blinking {!r}
 h - a scroll of teleportation
 i - 2 scrolls of fog
 m - a scroll of torment {!r}
 n - 3 scrolls of immolation {!r}
 o - 2 scrolls of brand weapon
 q - a scroll of identify
 r - a scroll of butterflies
 s - 3 scrolls of magic mapping {!r}
 t - a scroll of vulnerability {unknown}
 B - a scroll of enchant weapon
Potions
 e - 3 potions of lignification {!q}
 g - 5 potions of curing
 j - 3 potions of cancellation
 k - a potion of heal wounds
 p - a potion of haste {unknown}
 v - 3 potions of might
 w - a potion of mutation {unknown}
 z - a potion of attraction {!q}
 A - a potion of invisibility {unknown}


   Skills:
 + Level 9.0(9.4) Fighting
 - Level 2.1 Dodging
 - Level 1.5 Stealth
 + Level 9.6(10.0) Spellcasting


You knew the following spells:

 Your Spells              Type           Power      Damage    Failure   Level
a - Magic Dart            Conj           100%       1d8       1%          1
b - Searing Ray           Conj           100%       2d8       1%          2
c - Dazzling Flash        Conj/Hex       100%       N/A       1%          3
d - Fulminant Prism       Conj/Hex       35%        3d17      1%          4
e - Sandblast             Erth           100%       2d20      1%          1
f - Lesser Beckoning      Tloc           100%       N/A       1%          2
g - Ensorcelled Hibernat  Hex/Ice        100%       N/A       1%          2
h - Inner Flame           Hex/Fire       70%        N/A       1%          3
x - Iskenderun's Mystic   Conj/Tloc      70%        2d14      1%          4
Your spell library was empty.

Dungeon Overview and Level Annotations

Branches:
Dungeon (9/15)             Temple (1/1) D:5            Lair (0/5) D:9
 Bailey (visited)
    Orc: D:9-12

Altars:
Ashenzari
Cheibriados
Dithmenos
Elyvilon
Fedhas
Gozag
Hepliaklqana
Makhleb
Nemelex Xobeh
Okawaru
Qazlal
Ru
Uskayaw
Wu Jian
Xom
Yredelemnul
Zin
The Shining One

Shops:
D:1 =   D:7 ?=[!


Innate Abilities, Weirdness & Mutations

You are immune to sickness and miasma.
You are immune to poison.
Your flesh is very heat resistant. (rF++)
You are vulnerable to cold. (rC-)
You float through the air rather than walking.
You learn spells naturally, not from books.
Your magical power is your life essence.
You have superior vitality. (+4 MHP)


Message History

The mystic blast hits the yak.
The yak is knocked back by the mystic blast.
You take 3 damage, and have 46/78 hp.
The yak gores you!
You take 9 damage, and have 38/78 hp.
Casting: Iskenderun's Mystic Blast (dangerous; 1% risk of failure)
Confirm with . or Enter, or press ? or * to list all spells.
You feel a surge of power!
You erupt in a blast of force!
The mystic blast hits the yak!
The yak is knocked back by the mystic blast.
The mystic blast hits the yak.
The yak is knocked back by the mystic blast.
You take 3 damage, and have 36/78 hp.
You are too injured to fight recklessly!
You are too injured to fight recklessly!
Casting: Iskenderun's Mystic Blast (dangerous; 1% risk of failure)
Confirm with . or Enter, or press ? or * to list all spells.
Aiming: Magic Dart (safe; 1% risk of failure)
Press: ? - help, Shift-Dir - straight line, f - yak
Aim: a yak (severely wounded, wandering, blind, hasn't noticed you, 100% to hit)
You feel a surge of power!
The magic dart hits the yak.
The yak bellows!
The yak is no longer blind.
Casting: Magic Dart (safe; 1% risk of failure)
Confirm with . or Enter, or press ? or * to list all spells.
You feel a surge of power!
You erupt in a blast of force!
The mystic blast hits the yak.
The yak is knocked back by the mystic blast.
The mystic blast hits the yak!
You take 3 damage, and have 34/78 hp.
Casting: Iskenderun's Mystic Blast (dangerous; 1% risk of failure)
Confirm with . or Enter, or press ? or * to list all spells.
Aiming: Searing Ray (safe; 1% risk of failure)
Press: ? - help, Shift-Dir - straight line, f - yak
Aim: a yak (severely wounded, 90% to hit)
You feel a surge of power!
The searing ray hits the yak! (Press . to maintain the ray.)
Your Fighting skill increases to level 9!
You take 1 damage, and have 33/78 hp.
HP restored.
Done exploring.
Health restored: 78
There is a stone staircase leading down here.
You see here a yak corpse.
You fly downwards.
The yak closely misses you. x2; The yak barely misses you.
The yak misses you.
There is a stone staircase leading up here.
Casting: Searing Ray (safe; 1% risk of failure)
Confirm with . or Enter, or press ? or * to list all spells.
You feel a surge of power!
You erupt in a blast of force!
The mystic blast hits the yak!
The yak is knocked back by the mystic blast.
The mystic blast hits the yak but does no damage.
The yak gores you!
You take 14 damage, and have 64/78 hp.
Casting: Iskenderun's Mystic Blast (dangerous; 1% risk of failure)
Confirm with . or Enter, or press ? or * to list all spells.
Casting: Dazzling Flash (safe; 1% risk of failure)
Press: ? - help, Dir - look around, f - activate You feel a surge of power!
The yak is dazzled. x2; The yak gores you!
You take 11 damage, and have 53/78 hp.
You feel a surge of power!
The magic dart hits the yak but does no damage.
The yak gores you but does no damage.
You feel a surge of power!
The magic dart hits the yak.
The yak misses you. x2
You feel a surge of power!
The magic dart hits the yak.
The yak barely misses you. The yak misses you.
You feel a surge of power!
The magic dart hits the yak.
The yak gores you!
You take 10 damage, and have 43/78 hp.
You are too injured to fight recklessly!
You are too injured to fight recklessly!
You are too injured to fight recklessly!
You barely miss the yak.
The yak is no longer blind. x2
The yak completely misses you. The yak gores you!
You take 5 damage, and have 38/78 hp.
You hit the yak. You slash the yak! The yak gores you. x3
You take 10 damage, and have 28/78 hp.
You completely miss the yak. You hit the yak. The yak gores you.
You take 1 damage, and have 27/78 hp.
You slash the yak! The yak gores you!
* * * LOW HITPOINT WARNING * * *
The yak misses you.
You take 8 damage, and have 19/78 hp.
You hit the yak. The yak gores you!
* * * LOW HITPOINT WARNING * * *
You take 12 damage, and have 7/78 hp.
Casting: Magic Dart (safe; 1% risk of failure)
Confirm with . or Enter, or press ? or * to list all spells.
Aiming: Searing Ray (safe; 1% risk of failure)
Press: ? - help, Shift-Dir - straight line, f - yak
Aim: a yak (heavily wounded, 90% to hit)
You feel a surge of power!
The searing ray hits the yak. (Press . to maintain the ray.)
* * * LOW HITPOINT WARNING * * *
The yak misses you.
You take 1 damage, and have 6/78 hp.
The searing ray misses the yak.
* * * LOW HITPOINT WARNING * * *
The yak gores you!
You die...

#....### #....... #.......
###############....#..
#.............#....#..
#.............#....#..
.......#.............#....#..
.......#.............#....#..
.......#...Y@........#....#..
.......#...[.........#....#..
.......#.............#....#..
......)#.............#....#..
#.....#.....#..######....#..
#...Y.......#............#..
#...........#............#..
#...........#............#..
#...........#............#..


You could see a yak.

Vanquished Creatures
  Maggie (D:6)
  9 yaks
  Menkaure (D:6)
  A water moccasin (D:6)
  A black bear (D:6)
  7 orc warriors
  2 phantoms
  2 centaurs (D:6)
  2 bullfrogs
  2 gnoll sergeants
  3 scorpions (D:6)
  A vampire bat (D:7)
  A howler monkey (D:6)
  4 hounds
  A gnoll bouda (D:8)
  5 orc priests
  2 jellies
  6 orc wizards
  3 iguanas
  19 gnolls
  5 adders
  A shadow imp (D:5)
  An ufetubus (D:5)
  A worm (D:2)
  2 dart slugs (D:3)
  36 orcs
  12 bats
  4 endoplasms
  A giant cockroach (D:2)
  8 goblins
  6 hobgoblins
  2 jackals (D:3)
  2 quokkas
  8 ball pythons
  A frilled lizard (D:3)
  18 kobolds
  11 rats
192 creatures vanquished.

Vanquished Creatures (others)
  An orc wizard (D:4)
  A fulminant prism (D:6)
2 creatures vanquished.

Grand Total: 194 creatures vanquished

Notes
Turn   | Place    | Note
-------+----------+-------------------------------------------
     0 | D:1      | IndexError the Djinni Conjurer began the quest for the Orb.
     0 | D:1      | IndexError set off with the following spells memorised:
                  | Magic Dart, Searing Ray, Dazzling Flash, Fulminant Prism,
                  | Iskenderun's Mystic Blast.
     0 | D:1      | Reached XP level 1. HP: 15/15 MP: 0/0
    75 | D:1      | Reached XP level 2. HP: 17/21 MP: 0/0
   187 | D:1      | You are sucked into a shaft and drop 1 floor!
   201 | D:2      | Found a faded altar of an unknown god.
   320 | D:2      | Reached XP level 3. HP: 24/25 MP: 0/0
   320 | D:2      | Learned a level 1 spell: Sandblast
   514 | D:1      | Reached skill level 4 in Spellcasting
   514 | D:1      | Found Woeky's Jewellery Boutique.
  1052 | D:2      | Reached XP level 4. HP: 25/31 MP: 0/0
  1614 | D:3      | Reached XP level 5. HP: 34/35 MP: 0/0
  1614 | D:3      | Learned a level 2 spell: Lesser Beckoning
  1703 | D:3      | Reached skill level 5 in Spellcasting
  1743 | D:3      | Identified the +0 chain mail of Card Tricks {rPois Will-
                  | Str+3 Slay+2}
  2030 | D:3      | Identified the +6 war axe of the Grave {elec, rF+ Int-2
                  | Dex+3 Stlth+}
  2086 | D:3      | Found an opulent altar of Gozag.
  2095 | D:3      | Found a sacrificial altar of Ru.
  2428 | D:4      | Reached XP level 6. HP: 39/40 MP: 0/0
  2849 | D:4      | Found a shimmering altar of Xom.
  3004 | D:5      | Entered Level 5 of the Dungeon
  3103 | D:5      | Found a staircase to the Ecumenical Temple.
  3112 | Temple   | Entered the Ecumenical Temple
  3119 | Temple   | Became a worshipper of Ashenzari the Shackled
  3172 | D:5      | Reached skill level 6 in Spellcasting
  3188 | D:5      | Reached XP level 7. HP: 44/45 MP: 0/0
  3188 | D:5      | Learned a level 2 spell: Ensorcelled Hibernation
  3234 | D:5      | Found a hide-covered altar of Uskayaw.
  3644 | D:5      | Reached skill level 1 in Fighting
  3720 | D:6      | Noticed Maggie
  3799 | D:6      | Reached skill level 2 in Fighting
  3799 | D:6      | Reached XP level 8. HP: 35/55 MP: 0/0
  3840 | D:6      | Reached skill level 3 in Fighting
  3840 | D:6      | Reached skill level 7 in Spellcasting
  3843 | D:6      | HP: 14/56 [gnoll/+0 flail[a gnoll sergeant] (8)]
  4006 | D:6      | Reached skill level 4 in Fighting
  4113 | D:6      | Found a glowing silver altar of Zin.
  4140 | D:6      | Reached skill level 5 in Fighting
  4140 | D:6      | Reached XP level 9. HP: 64/65 MP: 0/0
  4140 | D:6      | Learned a level 3 spell: Inner Flame
  4167 | D:6      | Noticed Menkaure
  4170 | D:6      | Killed Menkaure
  4245 | D:6      | Found a glowing golden altar of the Shining One.
  4340 | D:6      | HP: 13/65 [Maggie/+0 heavy war axe (21)]
  4342 | D:6      | Killed Maggie
  4343 | D:6      | Reached skill level 6 in Fighting
  4343 | D:6      | Reached skill level 8 in Spellcasting
  5334 | D:7      | Found Lidit's Armour Shoppe.
  5334 | D:7      | Found Liorghok's Magic Scroll Shoppe.
  5337 | D:7      | Found Zudenih's Distillery.
  5337 | D:7      | Found Cois's Jewellery Shoppe.
  5603 | D:8      | Found a flagged portal.
  5620 | Bailey   | Entered a bailey
  5627 | Bailey   | Noticed an orc warlord
  5639 | Bailey   | Reached skill level 7 in Fighting
  5766 | Bailey   | Found a runed translucent gate.
  5767 | Bailey   | Found a runed translucent gate.
  5769 | Bailey   | Found a runed translucent gate.
  5801 | Bailey   | Reached XP level 10. HP: 75/75 MP: 0/0
  6136 | D:1      | Bought a ring of protection from cold for 325 gold pieces
  6697 | D:8      | Identified the +0 trident of Gallantry {drain, rF+}
  6722 | D:8      | Reached skill level 9 in Spellcasting
  6747 | D:8      | Reached skill level 8 in Fighting
  7068 | D:8      | Found a white marble altar of Elyvilon.
  7324 | D:8      | Found a basalt altar of Yredelemnul.
  7668 | D:9      | Noticed a death yak
  7668 | D:9      | Noticed a death yak
  7668 | D:9      | Noticed a death yak
  7668 | D:9      | Found a staircase to the Lair.
  7862 | D:8      | Reached skill level 9 in Fighting
  7917 | D:9      | HP: 19/78 [yak (10)]
  7918 | D:9      | HP: 7/78 [yak (14)]
  7920 | D:9      | Slain by a yak

Illustrated notes

Levels and vault maps discovered:
D:1:      minmay_arrival_solitary_statue, layout_loops_ring, serial_shops,
          nicolae_shop_getting_attention
D:2:      layout_basic, dreamdust_ecumenical_altar_angels_and_demons
D:3:      layout_loops_ring, gammafunk_temple_overflow_wave, minmay_checkerbox
D:4:      layout_rooms, mainiacjoe_overflow_chevrons
D:5:      layout_cave_pools, nicolae_overflow_crystal_walls,
          minmay_temple_entry_drinking_statues
D:6:      layout_basic, tso_oasis_becter, mainiacjoe_overflow_tiny_flanked,
          kiku_gazebo_pond_becter, uniq_maggie, uniq_menkaure
D:7:      lemuel_ice_spiral_2, layout_basic, roderic_batcave,
          minmay_shop_grid_forest
D:8:      layout_layer_cave, kennysheep_ying_yang, enter_bailey_6,
          minmay_misc_feat_room
D:9:      gammafunk_beogh_shrine, layout_grid_maze,
          mainiacjoe_overflow_surrounded_room, dpeg_lair_monsters,
          minmay_crystal_room
Temple:   nicolae_temple_no_exploring_needed

Skill      XL: |  1  2  3  4  5  6  7  8  9 10 |
---------------+-------------------------------+-----
Spellcasting   | 4 5 6 7 8 9 |  9.6
Fighting       | 2 5 7 9 |  9.0
Dodging        | |  2.1
Stealth        | |  1.5

Action                     |  1- 3 |  4- 6 |  7- 9 | 10-12 || total
---------------------------+-------+-------+-------+-------++-------
  Melee: War axe           |       |     4 |     7 |     5 ||    16
   Cast: Magic Dart        |    46 |   117 |   146 |    63 ||   372
         Searing Ray       |     1 |     9 |    19 |     8 ||    37
         Iskenderun's Myst |       |       |    18 |     8 ||    26
         Dazzling Flash    |       |       |     5 |     3 ||     8
         Ensorcelled Hiber |       |       |     4 |       ||     4
         Fulminant Prism   |       |       |     1 |       ||     1
 Invoke: Curse Item        |       |       |       |     1 ||     1
    Use: Scroll            |       |       |    14 |     6 ||    20
   Stab: Sleeping          |       |       |     2 |       ||     2
 Armour: Robe              |     1 |     1 |    20 |     3 ||    25
  Dodge: Dodged            |       |     9 |    56 |    24 ||    89

Levels and vault maps discovered:
D:1:      minmay_arrival_solitary_statue, layout_loops_ring, serial_shops,
          nicolae_shop_getting_attention
D:2:      layout_basic, dreamdust_ecumenical_altar_angels_and_demons
D:3:      layout_loops_ring, gammafunk_temple_overflow_wave, minmay_checkerbox
D:4:      layout_rooms, mainiacjoe_overflow_chevrons
D:5:      layout_cave_pools, nicolae_overflow_crystal_walls,
          minmay_temple_entry_drinking_statues
D:6:      layout_basic, tso_oasis_becter, mainiacjoe_overflow_tiny_flanked,
          kiku_gazebo_pond_becter, uniq_maggie, uniq_menkaure
D:7:      lemuel_ice_spiral_2, layout_basic, roderic_batcave,
          minmay_shop_grid_forest
D:8:      layout_layer_cave, kennysheep_ying_yang, enter_bailey_6,
          minmay_misc_feat_room
D:9:      gammafunk_beogh_shrine, layout_grid_maze,
          mainiacjoe_overflow_surrounded_room, dpeg_lair_monsters,
          minmay_crystal_room
Temple:   nicolae_temple_no_exploring_needed

Table legend: (Time is in decaauts)
 A = Elapsed time spent in this place.
 B = Non-inter-level travel time spent in this place.
 C = Inter-level travel time spent in this place.
 D = Time resting spent in this place.
 E = Time spent auto-exploring this place.
 F = Levels seen in this place.
 G = Mean time per level.
                   A        B        C        D        E       F      G
               +--------+--------+--------+--------+--------+-----+--------+
         Total |   7953 |   6901 |   1052 |      5 |   5624 |  11 |  723.0 |
       Dungeon |   7577 |   6537 |   1040 |      5 |   5390 |   9 |  841.9 |
        Temple |     14 |      2 |     12 |      0 |      0 |   1 |   14.0 |
        Bailey |    360 |    360 |      0 |      0 |    234 |   1 |  360.0 |
               +--------+--------+--------+--------+--------+-----+--------+

Top non-repeatable levels by time:
     D:8: 1648 daAuts
     D:6: 1024 daAuts
     D:3: 909 daAuts
     D:1: 842 daAuts
     D:2: 811 daAuts
     D:7: 800 daAuts
     D:5: 724 daAuts
     D:4: 686 daAuts
  Bailey: 360 daAuts
     D:9: 130 daAuts
  Temple: 14 daAuts

Table legend:
 A = Kills in this place as a percentage of kills in the entire game.
 B = Kills by you in this place as a percentage of kills by you in the entire game.
 C = Kills by friends in this place as a percentage of kills by friends in the entire game.
 D = Other kills in this place as a percentage of other kills in the entire game.
 E = Experience gained in this place as a percentage of experience gained in the entire game.
 F = Experience gained in this place divided by the number of levels of this place that you have seen.
                   A       B       C       D       E      F
               +-------+-------+-------+-------+-------+----------------------
         Total | 100.0 | 100.0 |   N/A | 100.0 | 100.0 | 563.2
       Dungeon |  89.1 |  89.1 |   N/A | 100.0 |  90.5 | 622.7
        Bailey |  10.9 |  10.9 |   N/A |   0.0 |   9.5 | 591.0
               +-------+-------+-------+-------+-------+----------------------
